cohdb
Replays
Latest Replays
All Replays
Popular Replays
Top Player Replays
Match Explorer
How It Works
Community
CoH3 Stats
Reddit
Sign in to upload your games and track your stats! →
Sign in with Steam
Match 45707721
Unlisted
Match 45707721
Overview
Messages
Build Orders
End
Selects Special Operations Battlegroup
Selects M29 Weasel Recon Vehicle
M29 Weasel Recon Vehicle
Engineer Squad
Construct Barracks
Riflemen Squad
Riflemen Squad
Air Support Center
Selects Smoke Screen
P-47 Strafing Run
Construct Motor Pool
Grasshopper Recon Run
P-47 Dive Bomb
M8 Greyhound Armored Car
Selects SSF Commando Squad
SSF Commando Squad
Smoke Screen
M1 Anti-tank Gun Team
P-47 Strafing Run
Selects Mark Vehicle
M8 Greyhound Armored Car
Smoke Screen
Mark Vehicle
K̳itsuné
Nostalgi@
0
0
Comments
sign in to comment!
No comments posted yet!